 Dungeon Crawl Stone Soup version 0.29-a0-334-gb41bcbb86e (webtiles) character file.

Game seed: 10241606637999939549

17 spaghetti the Insei (level 2, -8/24 HPs)
             Began as a Deep Dwarf Transmuter on Apr 15, 2022.
             Mangled by Terence
             ... wielding a +0 flail
              (11 damage)
             ... on level 2 of the Dungeon.
             The game lasted 00:01:35 (907 turns).

spaghetti the Insei (Deep Dwarf Transmuter)          Turns: 907, Time: 00:01:35

Health: -8/24      AC:  2    Str: 13    XL:     2   Next: 44%
Magic:  2/4        EV: 12    Int: 13    God:
Gold:   105        SH:  0    Dex: 13    Spells: 1/4 levels left

rFire   . . .      SeeInvis .   c - +0 dagger {short}
rCold   . . .      Faith    .   (no shield)
rNeg    . . .      Spirit   .   a - +0 robe
rPois   .          Reflect  .   (no helmet)
rElec   .          Harm     .   (no cloak)
rCorr   .          Rampage  .   (no gloves)
Will    .....                   (no boots)
Stlth   +.........              (no amulet)
HPRegen 0.00/turn               (no ring)
MPRegen 0.09/turn               (no ring)

@: wereblooded
A: damage resistance, heal wounds, sense surroundings 1, no regeneration
a: Heal Wounds


You were on level 2 of the Dungeon.
You visited 1 branch of the dungeon, and saw 2 of its levels.

You collected 105 gold pieces.


Innate Abilities, Weirdness & Mutations

You are resistant to damage.
You can heal yourself by infusing magical energy.
You passively map a small area around you.
You do not regenerate.


   Skills:
 - Level 0.8 Fighting
 - Level 2.1 Dodging
 + Level 3.5 Unarmed Combat
 - Level 1.7 Spellcasting
 - Level 1.7 Transmutations


You had one spell level left.
You knew the following spells:

 Your Spells              Type           Power      Damage    Failure   Level
a - Beastly Appendage     Tmut           10%        N/A       13%         1
b - Wereblood             Tmut           5%         N/A       19%         2

Your spell library contained the following spells:

 Spells                   Type           Power      Damage    Failure   Level
 Spider Form              Tmut/Pois      3%         N/A       50%         3
 Ice Form                 Ice/Tmut       3%         N/A       88%         4

Inventory:

Hand Weapons
 c - a +0 dagger (weapon) {short}
   (You took it off a goblin on level 1 of the Dungeon)
Missiles
 d - 55 stones {throwing}
Armour
 a - a +0 robe (worn)
Scrolls
 e - 4 scrolls of noise {unknown}
 f - 4 scrolls of identify {unknown}
Potions
 b - a potion of lignification {!q}

Dungeon Overview and Level Annotations

Branches:
Dungeon (2/15)

Altars:

Shops:
D:1 (

Annotations:
D:1 2 transporters
D:2 Terence

############ , ,
,..........>##### ,
........@@......
###########.########
........###.#...... ,*
#......#.........<
.##.......#.#.#####
............#... ,
*###....##############
* ,,
+....'....†.......#, ,
*#....############.#,


You could see Terence.


Message History

You grow a pair of large bovine horns.
Your feet morph into talons. 😨 MP[-1]
You lost 1 mp, and now have 3/4 mp.
Your transformation is almost over.
You hit the giant cockroach.
The giant cockroach completely misses you.
You barely miss the giant cockroach.
Your headbutt misses the giant cockroach.
You punch the giant cockroach. The giant cockroach closely misses you.
You hit the giant cockroach. Your kick misses the giant cockroach.
You headbutt the giant cockroach, but do no damage.
The giant cockroach bites you but does no damage.
The giant cockroach barely misses you.
You hit the giant cockroach but do no damage.
You claw the giant cockroach.
You kill the giant cockroach!
Your horns disappear.
Your talons disappear.
Key pressed, stopping explore.
You see here a +0 ring mail.
Key pressed, stopping explore.
Key pressed, stopping explore.
As you open the door, it creaks loudly!
A bat comes into view. 😨 MP[+1]
Your mp is fully restored (4).
Casting: Beastly Appendage (safe; 13% risk of failure)
Confirm with . or Enter, or press ? or * to list all spells.
You grow a pair of large bovine horns.
Your feet morph into talons.
The bat closely misses you. 😨 MP[-1]
You lost 1 mp, and now have 3/4 mp.
You completely miss the bat. You claw the bat, but do no damage.
The bat closely misses you.
You hit the bat. Your kick misses the bat.
Your transformation is almost over.
The bat barely misses you.
You closely miss the bat. The bat misses you.
Unknown command.
You closely miss the bat. Your headbutt misses the bat.
The bat hits you but does no damage.
You closely miss the bat. Your kick misses the bat.
The bat barely misses you. 😨 MP[+1]
Your mp is fully restored (4).
You closely miss the bat. You claw the bat. The bat closely misses you.
The bat hits you.
You hit the bat.
You kill the bat!
Memorise Wereblood, consuming 2 spell levels and leaving 1?
Your horns disappear.
Your talons disappear.
You start memorising the spell.
You continue memorising. x2
You finish memorising.
Spell assigned to 'b'.
You see here a bat corpse.
There is an open door here.
Found a stone staircase leading up.
Terence the Incautious comes into view.
He is wielding a +0 flail.
Found a stone staircase leading down.
Terence shouts!
Casting: Beastly Appendage (safe; 13% risk of failure)
Confirm with . or Enter, or press ? or * to list all spells.
You grow a pair of large bovine horns.
Your feet morph into talons. 😨 MP[-1]
You lost 1 mp, and now have 3/4 mp.
Casting: Beastly Appendage (safe; 13% risk of failure)
Confirm with . or Enter, or press ? or * to list all spells.
Your blood is infused with primal strength. 😨 MP[-2]
You lost 2 mp, and now have 1/4 mp.
Terence bares his teeth.
You hit Terence but do no damage. Terence hits you with a +0 flail.
* * * LOW HITPOINT WARNING * * *
😨 HP[-1]
You take 1 damage, and now have 10/24 hp.
You hit Terence. You claw Terence, but do no damage.
You headbutt Terence, but do no damage.
Your transformation is almost over.
Terence barely misses you.
You closely miss Terence. You claw Terence, but do no damage.
You headbutt Terence, but do no damage. Terence barely misses you.
You hit Terence but do no damage. Your kick misses Terence. Terence misses you.
You hit Terence but do no damage. You claw Terence, but do no damage.
Terence says, "Don't bother to defend, it's useless."
Terence closely misses you.
Unknown command.
You hit Terence but do no damage. Your kick misses Terence.
You punch Terence, but do no damage. Terence misses you.
You hit Terence but do no damage. You claw Terence, but do no damage.
Terence closely misses you. 😨 MP[+1]
You hit Terence. Your kick misses Terence. Your headbutt misses Terence.
Terence barely misses you.
You hit Terence but do no damage. You headbutt Terence!
Terence hits you with a +0 flail!
* * * LOW HITPOINT WARNING * * *
😱 HP[-7]
You take 7 damage, and now have 3/24 hp.
MASSIVE DAMAGE!! (PAUSE)
You hit Terence.
Your horns disappear.
Your talons disappear.
Terence hits you with a +0 flail!
You die...

Skill      XL: |  1 |
---------------+----+-----
Unarmed Combat | 3 |  3.5
Fighting       | |  0.8
Dodging        | |  2.1
Spellcasting   | |  1.7
Transmutations | |  1.7

Action                   || total
-------------------------++-------
Melee: Dagger            ||    38
       Unarmed           ||     4
       Kick              ||    13
       Headbutt          ||     8
       Punch             ||     2
 Cast: Beastly Appendage ||    13
       Wereblood         ||     1
Armor: Robe              ||     6
Dodge: Dodged            ||    29

Levels and vault maps discovered:
D:1:      spicycebolla_arrival_teleporter_tutorial, layout_basic, serial_shops,
          shop_coins
D:2:      layout_basic, chequers_ecumenical_altar_island, basic_altar,
          nrook_campfire, dk_noncrumbling_2, nrook_loot_triangle,
          guppyfry_early_lair_pool, uniq_terence, uniq_jessica

Notes
Turn   | Place    | Note
-------+----------+-------------------------------------------
     0 | D:1      | spaghetti the Deep Dwarf Transmuter began the quest for the
                  | Orb.
     0 | D:1      | Reached XP level 1. HP: 16/16 MP: 3/3
     0 | D:1      | magus.rc [v1.9.6]
    96 | D:1      | Reached skill level 3 in Unarmed Combat
   111 | D:1      | Found Wupiuwk's Antique Weapon Shop.
   263 | D:1      | Reached XP level 2. HP: 13/24 MP: 0/4
   877 | D:2      | Learned a level 2 spell: Wereblood
   893 | D:2      | Noticed Terence
   906 | D:2      | HP: 3/24 [Terence/+0 flail (7)]
   907 | D:2      | Mangled by Terence

Vanquished Creatures
  A dart slug (D:1)
  2 ball pythons (D:1)
  3 endoplasms (D:1)
  2 giant cockroaches
  2 goblins (D:1)
  A bat (D:2)
  3 rats (D:1)
14 creatures vanquished.

Vanquished Creatures (others)
  2 plants (D:2)
2 creatures vanquished.

Grand Total: 16 creatures vanquished

Table legend:
 A = Non-vault XP
 B = Vault XP
 C = Vault XP percentage of total XP
 D = Non-vault monster count
 E = Vault monster count
 F = Vault count percentage of total count
                 A         B        C        D         E       F
            +---------+---------+-------+---------+---------+-------
      Total |      25 |       0 |   0.0 |      14 |       0 |   0.0
            +---------+---------+-------+---------+---------+-------
        D:1 |      22 |       0 |   0.0 |      12 |       0 |   0.0
        D:2 |       3 |       0 |   0.0 |       2 |       0 |   0.0
            +---------+---------+-------+---------+---------+-------

Illustrated notes

Table legend:
 A = Kills in this place as a percentage of kills in entire the game.
 B = Kills by you in this place as a percentage of kills by you in the entire game.
 C = Kills by friends in this place as a percentage of kills by friends in the entire game.
 D = Other kills in this place as a percentage of other kills in the entire game.
 E = Experience gained in this place as a percentage of experience gained in the entire game.
 F = Experience gained in this place divided by the number of levels of this place that you have seen.
                   A       B       C       D       E      F
               +-------+-------+-------+-------+-------+----------------------
         Total | 100.0 | 100.0 |   N/A |   N/A | 100.0 |  12.5
       Dungeon | 100.0 | 100.0 |   N/A |   N/A | 100.0 |  12.5
               +-------+-------+-------+-------+-------+----------------------

Table legend: (Time is in decaauts)
 A = Elapsed time spent in this place.
 B = Non-inter-level travel time spent in this place.
 C = Inter-level travel time spent in this place.
 D = Time resting spent in this place.
 E = Time spent auto-exploring this place.
 F = Levels seen in this place.
 G = Mean time per level.
                   A        B        C        D        E       F      G
               +--------+--------+--------+--------+--------+-----+--------+
         Total |    908 |    891 |     17 |      0 |    760 |   2 |  454.0 |
       Dungeon |    908 |    891 |     17 |      0 |    760 |   2 |  454.0 |
               +--------+--------+--------+--------+--------+-----+--------+

Top non-repeatable levels by time:
     D:1: 755 daAuts
     D:2: 152 daAuts
